 Dungeon Crawl Stone Soup version 0.31-a0-365-gcf821cafb2 (webtiles) character file.

Game seed: 13349127522402238724

64 EonArisen the Ruffian (level 4, -6/37 HPs)
             Began as a Ghoul Gladiator on July 27, 2023.
             Mangled by a river rat (7 damage)
             ... on level 3 of the Dungeon.
             The game lasted 00:13:04 (1103 turns).

EonArisen the Ruffian (Ghoul Gladiator)             Turns: 1103, Time: 00:13:04

Health: -6/37      AC:  6    Str: 19    XL:     4   Next: 12%
Magic:  3/3        EV: 11    Int:  3    God:
Gold:   21         SH:  0    Dex: 10    Spells: 3/3 levels left

rFire   . . .        l - +4 hand axe of Tyaphaawk {venom, rC+++ Will+ rCorr Stlth+}
rCold   + + +        (no shield)
rNeg    + + +        j - +0 ring mail
rPois   ∞            b - +0 helmet
rElec   .            (no cloak)
rCorr   +            (no gloves)
SInv    .            (no boots)
Will    +....        (no amulet)
Stlth   +            (no ring)
HPRegen 0.00/turn    (no ring)
MPRegen 0.08/turn

%: no passive effects
@: inhibited regen, very slow
A: claws 1, cold resistance 1, negative energy resistance 3, inhibited
regeneration, torment resistance 2, devour on kill
a: no special abilities


You were on level 3 of the Dungeon.
You visited 1 branch of the dungeon, and saw 3 of its levels.

You collected 30 gold pieces.
You spent 9 gold pieces at shops.

Inventory:

Hand Weapons
 e - a +0 club
 i - a +0 spectral mace
 k - a +0 dagger
 l - the +4 hand axe of Tyaphaawk (weapon) {venom, rC+++ Will+ rCorr Stlth+}
   (You found it on level 2 of the Dungeon)

   rC:        It renders you almost immune to cold.
   rCorr:     It protects you from acid and corrosion.
   Will:      It increases your willpower.
   Stlth:     It makes you more stealthy.
Missiles
 c - 3 throwing nets (quivered)
 d - a javelin
 g - 10 stones
Armour
 a - a +0 leather armour
 b - a +0 helmet (worn)
 f - a +0 robe
 j - a +0 ring mail (worn)
Wands
 n - a wand of polymorph (10)
Scrolls
 h - a scroll of enchant weapon {unknown}
 m - 2 scrolls of vulnerability {unknown}
Potions
 o - a potion of heal wounds {unknown}
 p - a potion of attraction {unknown}


   Skills:
 + Level 2.6 Fighting
 + Level 1.0 Axes
 + Level 1.7 Throwing
 + Level 0.5 Armour
 + Level 3.4 Dodging
 + Level 3.9 Unarmed Combat


You had 3 spell levels left.
You didn't know any spells.
Your spell library contained the following spells:

 Spells                   Type           Power      Damage    Failure   Level
 Frozen Ramparts          Ice            0%         1d1       97%         3
 Petrify                  Tmut/Erth      0%         N/A       100%        4
 Irradiate                Conj/Tmut      0%         3d11      100%        5
 Metabolic Englaciation   Hex/Ice        0%         N/A       100%        5
 Sublimation of Blood     Necr           Unusable   N/A       N/A         2

Dungeon Overview and Level Annotations

Branches:
Dungeon (3/15)

Altars:

Shops:
D:1 =*


Innate Abilities, Weirdness & Mutations

You are immune to poison.
You have sharp fingernails.
Your flesh is cold resistant. (rC+)
You are immune to negative energy. (rN+++)
You do not regenerate when monsters are visible.
You are immune to unholy pain and torment.
You thrive by killing the living.


Message History

The adder is almost dead.
The adder misses you. The adder bites you.
You barely miss the adder.
The adder is almost dead.
You kill the adder!
You feel better.
Your Axes skill increases to level 1!
You have reached level 4!
A river rat comes into view.
The river rat bites you! The river rat bites you.
The river rat attacks as you move away! The river rat bites you. x2
You barely miss the river rat. The river rat barely misses you.
You hit the river rat but do no damage. The river rat bites you.
* * * LOW HITPOINT WARNING * * *
The river rat barely misses you.
You barely miss the river rat. Your claw misses the river rat.
The river rat barely misses you.
You closely miss the river rat. The river rat barely misses you.
You hit the river rat.
The river rat is lightly wounded.
The river rat bites you.
* * * LOW HITPOINT WARNING * * *
Aiming: Polymorph
Press: ? - help, Q - select action, (/) - cycle Shift-Dir - straight line, f - river rat
Aim: a river rat (lightly wounded, will become a killer bee, a ball python, or an acid dragon, chance to affect: 57%)
The river rat resists with significant effort.
The river rat bites you but does no damage.
You hit the river rat but do no damage.
The river rat is poisoned.
The river rat is lightly wounded.
The river rat bites you.
* * * LOW HITPOINT WARNING * * *
Your unstable footing causes you to fumble your attack.
The river rat barely misses you. The river rat bites you.
* * * LOW HITPOINT WARNING * * *
Your unstable footing causes you to fumble your attack.
The river rat bites you but does no damage.
The river rat bites you but does no damage.
The river rat bites you!
You die...

#.# # #......#
#.# #.####.# #<#
#~~....# #.#
#~~~...# #<#
####~#....# #.#
~~#~~~)..# ... #
#####~#~#~...#
...
#~##~~~~~#~~~~..#
..(
#~~@r#~#~#~#~...#
.####
######~#~#~#~...#
~~#~†~#...##
########...#
#####


You could see a river rat (poisoned).

Vanquished Creatures
  3 adders (D:3)
  2 worms
  4 endoplasms
  2 goblins (D:2)
  2 hobgoblins (D:2)
  4 jackals (D:2)
  3 quokkas (D:2)
  3 ball pythons
  2 bats
  A frilled lizard (D:1)
  A kobold (D:2)
  4 rats
31 creatures vanquished.

Notes
Turn   | Place    | Note
-------+----------+-------------------------------------------
     0 | D:1      | EonArisen the Ghoul Gladiator began the quest for the Orb.
     0 | D:1      | Reached XP level 1. HP: 17/17 MP: 0/0
     7 | D:1      | Found Zelut's General Store.
    24 | D:1      | Bought a +0 robe for 9 gold pieces
   118 | D:1      | Found Utaa's Jewellery Boutique.
   277 | D:1      | Reached XP level 2. HP: 24/24 MP: 1/1
   364 | D:2      | Identified the +4 hand axe of Tyaphaawk {venom, rC+++ Will+
                  | rCorr Stlth+}
   852 | D:2      | Reached XP level 3. HP: 29/29 MP: 2/2
  1089 | D:3      | Reached skill level 1 in Axes
  1089 | D:3      | Reached XP level 4. HP: 33/37 MP: 3/3
  1100 | D:3      | HP: 1/37 [river rat (2)]
  1103 | D:3      | Mangled by a river rat

Illustrated notes

Levels and vault maps discovered:
D:1:      minmay_arrival_diagonal_passages, layout_loops_ring, serial_shops,
          shop, nicolae_shop_hallway_plus, shop
D:2:      layout_basic
D:3:      layout_loops_ring, shapermc_ecumenical_altar_gd,
          lightli_sewer_entry_pipes

Skill      XL: |  1  2  3 |
---------------+----------+-----
Dodging        | 3 |  3.4
Axes           | 1 |  1.0
Fighting       | |  2.6
Throwing       | |  1.7
Armour         | |  0.5
Unarmed Combat | |  3.9

Action                     |  1- 3 |  4- 6 || total
---------------------------+-------+-------++-------
  Melee: Unarmed           |    27 |       ||    27
         Punch             |     3 |       ||     3
         Hand axe          |    67 |     8 ||    75
  Evoke: Wand              |       |     1 ||     1
    Use: Scroll            |     3 |       ||     3
         Potion            |     1 |       ||     1
 Armour: Leather armour    |     5 |       ||     5
         Ring mail         |    37 |     3 ||    40
  Dodge: Dodged            |    69 |     5 ||    74

Table legend: (Time is in decaauts)
 A = Elapsed time spent in this place.
 B = Non-inter-level travel time spent in this place.
 C = Inter-level travel time spent in this place.
 D = Time resting spent in this place.
 E = Time spent auto-exploring this place.
 F = Levels seen in this place.
 G = Mean time per level.
                   A        B        C        D        E       F      G
               +--------+--------+--------+--------+--------+-----+--------+
         Total |   1115 |   1075 |     40 |      0 |     19 |   3 |  371.7 |
       Dungeon |   1115 |   1075 |     40 |      0 |     19 |   3 |  371.7 |
               +--------+--------+--------+--------+--------+-----+--------+

Top non-repeatable levels by time:
     D:2: 581 daAuts
     D:1: 359 daAuts
     D:3: 174 daAuts
